 Dungeon Crawl Stone Soup version 0.29-a0-845-g6161e89988 (webtiles) character file.

Game seed: 14433657561873786645

375 vineage the Shield-Bearer (level 6, -27/39 HPs)
             Began as a Gargoyle Fighter on July 15, 2022.
             Annihilated by a two-headed ogre
             ... wielding a +0 giant spiked club
              (32 damage)
             ... on level 4 of the Dungeon.
             The game lasted 00:02:29 (3468 turns).

vineage the Shield-Bearer (Gargoyle Fighter)        Turns: 3468, Time: 00:02:29

Health: -27/39     AC: 11    Str: 21    XL:     6   Next: 73%
Magic:  6/6        EV:  9    Int:  9    God:
Gold:   159        SH:  5    Dex: 15    Spells: 5/5 levels left

rFire   . . .      SeeInvis .   a - +1 flail
rCold   . . .      Faith    .   c - +0 buckler
rNeg    + . .      Spirit   .   b - +0 scale mail
rPois   ∞          Reflect  .   (no helmet)
rElec   +          Harm     .   (no cloak)
rCorr   .          Rampage  .   (no gloves)
Will    .....                   (no boots)
Stlth   ..........              (no amulet)
HPRegen 0.13/turn               k - ring of wizardry
MPRegen 0.10/turn               g - +6 ring of dexterity

@: mighty
A: sickness immunity, AC +4, negative energy resistance 1, electricity
resistance, torment resistance 1, petrification resistance
a: no special abilities


You were on level 4 of the Dungeon.
You visited 1 branch of the dungeon, and saw 4 of its levels.

You collected 159 gold pieces.

Inventory:

Hand Weapons
 a - a +1 flail (weapon)
Armour
 b - a +0 scale mail (worn)
 c - a +0 buckler (worn)
Jewellery
 g - a +6 ring of dexterity (right hand)
 k - a ring of wizardry (left hand)
Wands
 f - a wand of iceblast (10)
 o - a wand of quicksilver (12)
Scrolls
 l - 2 scrolls of fog
 q - a scroll of enchant weapon
 s - a scroll of fear {unknown}
Potions
 e - a potion of lignification {unknown}
 h - a potion of berserk rage {unknown}
 i - 2 potions of degeneration {unknown}
 j - 2 potions of haste
 m - a potion of flight {unknown}
 n - a potion of heal wounds {unknown}
 p - a potion of curing {unknown}
 r - a potion of invisibility {unknown}


   Skills:
 + Level 4.6 Fighting
 * Level 4.6 Maces & Flails
 + Level 4.6 Armour
 + Level 4.6 Shields


You had 5 spell levels left.
You didn't know any spells.
Your spell library contained the following spells:

 Spells                   Type           Power      Damage    Failure   Level
 Slow                     Hex            0%         N/A       45%         1
 Confusing Touch          Hex            0%         N/A       82%         3
 Vampiric Draining        Necr           0%         2d6       82%         3


Dungeon Overview and Level Annotations

Branches:
Dungeon (4/15)
 Temple: D:4-7

Altars:


Innate Abilities, Weirdness & Mutations

You are immune to sickness and miasma.
Your stone body is resilient. (AC +4)
You are immune to poison.
You resist negative energy. (rN+)
You are resistant to electric shocks. (rElec)
You are resistant to unholy torment.
You are immune to petrification.


Message History

You kill the giant cockroach!
No target in view!
No target in view!
No target in view!
No target in view!
No target in view!
Found a stone staircase leading up.
You open the door.
There is an open door here.
Found a stone staircase leading down.
There is a stone staircase leading up here.
You open the door.
Found a stone staircase leading down.
There is an open door here.
There is a stone staircase leading down here.
You open the door.
There is an open door here.
You open the door.
There is an open door here.
s - a scroll labelled ZIJIONGOMN No target in view!
A two-headed ogre comes into view.
It is wielding a +0 giant spiked club and a +0 giant club.
The two-headed ogre shouts in stereo!
A two-headed ogre is nearby!
A two-headed ogre is nearby!
The two-headed ogre hits you with a +0 giant spiked club!
The two-headed ogre barely misses you.
You feel very mighty all of a sudden.
You sock the two-headed ogre!
The two-headed ogre is lightly wounded.
The two-headed ogre hits you with a +0 giant spiked club!!
Ouch! That really hurt!
* * * LOW HITPOINT WARNING * * *
The two-headed ogre hits you with a +0 giant club.
* * * LOW HITPOINT WARNING * * *
You thump the two-headed ogre!
The two-headed ogre is moderately wounded.
The two-headed ogre hits you with a +0 giant spiked club!!
Ouch! That really hurt!
You die...

##..# .......
###...#####....#
........##.....#
........##....##
..#...#####....#
..#...####....#####
..#...........##..##
..#................#
'##......###..##@..#
.......### #..##O..#
.......# .........#
.......# ..........#
.......#########...#
...##### #...# ...#
....# ...# ....#
...#


You could see a two-headed ogre.

Vanquished Creatures
  Grinder (D:3)
  A hound (D:3)
  Jessica (D:2)
  An iguana (D:4)
  Terence (D:3)
  An adder (D:2)
  3 dart slugs
  6 orcs (D:3)
  5 ball pythons
  3 endoplasms
  2 giant cockroaches
  6 goblins
  4 hobgoblins
  4 jackals (D:3)
  10 bats
  4 frilled lizards
  9 kobolds
  8 rats
70 creatures vanquished.

Notes
Turn   | Place    | Note
-------+----------+-------------------------------------------
     0 | D:1      | vineage the Gargoyle Fighter began the quest for the Orb.
     0 | D:1      | Reached XP level 1. HP: 14/14 MP: 1/1
    94 | D:1      | Reached XP level 2. HP: 19/19 MP: 2/2
   713 | D:1      | Found a faded altar of an unknown god.
   726 | D:1      | Found a faded altar of an unknown god.
  1021 | D:2      | Reached XP level 3. HP: 21/23 MP: 3/3
  1631 | D:2      | Noticed Jessica
  1642 | D:2      | Killed Jessica
  1643 | D:2      | Reached XP level 4. HP: 14/29 MP: 4/4
  2602 | D:3      | Reached XP level 5. HP: 25/33 MP: 5/5
  2676 | D:3      | Noticed Terence
  2685 | D:3      | Killed Terence
  2885 | D:3      | Noticed Grinder
  2900 | D:3      | Killed Grinder
  2901 | D:3      | Reached XP level 6. HP: 20/39 MP: 6/6
  3464 | D:4      | Noticed a two-headed ogre
  3468 | D:4      | Annihilated by a two-headed ogre

Illustrated notes

Levels and vault maps discovered:
D:1:      sevenhm_arrival_forest_fort_large_2, layout_basic,
          hellmonk_ecumenical_altar_the_god_not_taken, minmay_pentomino_t2
D:2:      layout_basic, grunt_ministairs_10, minmay_misc_feat_cross,
          uniq_jessica
D:3:      layout_basic, uniq_grinder, uniq_terence
D:4:      layout_gridville, slow_altar_2, temple_green, hangedman_decor_growths

Skill      XL: |  1  2  3  4  5 |
---------------+----------------+-----
Maces & Flails | 3 4 |  4.6
Fighting       | 4 |  4.6
Armour         | 4 |  4.6
Shields        | 4 |  4.6

Action                   |  1- 3 |  4- 6 || total
-------------------------+-------+-------++-------
Melee: Flail             |   135 |   101 ||   236
  Use: Scroll            |     5 |     3 ||     8
       Potion            |       |     1 ||     1
Armor: Scale mail        |    90 |    64 ||   154
Dodge: Dodged            |   100 |    42 ||   142
Block: Buckler           |    31 |    32 ||    63

Table legend: (Time is in decaauts)
 A = Elapsed time spent in this place.
 B = Non-inter-level travel time spent in this place.
 C = Inter-level travel time spent in this place.
 D = Time resting spent in this place.
 E = Time spent auto-exploring this place.
 F = Levels seen in this place.
 G = Mean time per level.
                   A        B        C        D        E       F      G
               +--------+--------+--------+--------+--------+-----+--------+
         Total |   3531 |   3485 |     46 |      0 |   2940 |   4 |  882.8 |
       Dungeon |   3531 |   3485 |     46 |      0 |   2940 |   4 |  882.8 |
               +--------+--------+--------+--------+--------+-----+--------+

Top non-repeatable levels by time:
     D:3: 1243 daAuts
     D:2: 1120 daAuts
     D:1: 916 daAuts
     D:4: 251 daAuts
